Diables vs Griffins
Created - November 3, 2019 at 19:01
Goals
|
Diables |
0 |
1 |
1 |
2 |
Griffins |
1 |
2 |
1 |
4 |
|
Shots
|
Diables |
13 |
9 |
11 |
33 |
Griffins |
15 |
12 |
11 |
38 |
|
1st period
1. Griffins , Brandon Pirri 2 (Anton Slepyshev 4, Nathan Gerbe 2) at 13:37
Penalties :
Ben Hanowski (Cap) for Hooking (Minor) at 8:57
2nd period
2. Griffins , Tye McGinn 3 (Ben Hanowski 2, Marko Dano 3) at 1:14
3. Griffins , Nicholas Baptiste 2 (Brendan Woods 3, Rourke Chartier 2) at 4:56
4. Diables , Brayden Point 1 (Nikolaj Ehlers 5, Jordan Caron 1) at 8:26
Penalties :
Nathan Gerbe (Cap) for Kneeing (Minor) at 8:43, Tobias Rieder (Alm) for Slashing (Minor) at 14:26, Zac Leslie (Alm) for Holding (Minor) at 18:19
3rd period
5. Griffins , Ben Hanowski 2 (Marko Dano 4) at 0:12 (PP)
6. Diables , Carl Gunnarsson 2 (Samuel Morin 3, Eric Comrie) at 5:13 (PP)
Penalties :
Tye McGinn (Cap) for Tripping (Minor) at 3:59, Brayden Point (Alm) for Tripping (Minor) at 15:16, Ben Hanowski (Cap) for Hooking (Minor) at 19:55
Goalie Stats
Eric Comrie (Alm), 34 saves from 38 shots - (0.895), L, 3-2-0, 60:00 minutes
Olivier Roy (Cap), 31 saves from 33 shots - (0.939), W, 2-0-0, 60:00 minutes
Players Stats for Diables
Player Name G A P +/- PIM S H SB GA TA FO MP PP MP PK MP
------------------------------------------------------------------------------------
Brandon Prust 0 0 0 0 0 0 1 0 0 0 0/0 13:14 0:00 2:23
Brayden Point 1 0 1 0 2 2 2 0 1 1 1/14 18:10 3:12 1:15
Brett Lernout 0 0 0 1 0 0 0 1 0 0 0/0 12:05 0:00 0:00
Brock McGinn 0 0 0 -1 0 6 0 0 1 0 0/1 19:01 2:04 0:00
Carl Gunnarsson 1 0 1 -2 0 5 1 1 0 1 0/0 27:26 2:36 3:26
Chris Bigras 0 0 0 1 0 0 0 2 0 0 0/0 12:51 0:00 0:40
Christian Thomas 0 0 0 -1 0 2 3 0 0 0 0/0 7:48 0:00 0:40
Daniel Zaar 0 0 0 -1 0 1 0 0 0 0 0/1 7:42 0:00 0:00
Dylan Larkin 0 0 0 0 0 2 1 2 1 0 5/6 12:37 2:04 0:00
Frederik Gauthier 0 0 0 -1 0 1 0 0 0 0 1/2 7:41 0:00 0:16
Jordan Caron 0 1 1 0 0 2 2 1 0 0 1/5 19:51 3:12 3:03
Louis Leblanc 0 0 0 -1 0 0 0 0 0 1 13/22 18:41 0:00 2:01
Mikko Lehtonen 0 0 0 0 0 0 1 1 0 0 1/2 11:41 0:00 0:00
Nikolaj Ehlers 0 1 1 0 0 2 3 0 0 0 0/1 16:50 3:12 0:00
Samuel Morin 0 1 1 -2 0 1 0 2 2 2 0/0 27:26 2:36 3:26
Tobias Rieder 0 0 0 -1 2 6 1 0 2 0 2/2 20:51 2:04 2:04
Will Butcher 0 0 0 -1 0 1 1 1 0 1 0/0 20:20 2:40 2:22
Zac Leslie 0 0 0 -1 2 2 2 0 0 0 0/0 19:51 2:40 1:48
Players Stats for Griffins
Player Name G A P +/- PIM S H SB GA TA FO MP PP MP PK MP
------------------------------------------------------------------------------------
Anton Slepyshev 0 1 1 0 0 0 1 1 0 1 0/1 17:19 2:40 0:00
Ben Hanowski 1 1 2 1 4 4 4 0 2 0 0/0 17:51 3:11 0:00
Brandon Pirri 1 0 1 0 0 2 2 0 0 2 1/1 18:26 0:00 3:08
Brendan Woods 0 1 1 1 0 4 2 2 0 0 6/7 12:45 0:00 3:10
Danny Kristo 0 0 0 0 0 3 2 1 0 0 0/0 13:49 2:40 1:19
Gord Baldwin 0 0 0 0 0 1 1 2 0 2 0/0 25:30 2:00 3:08
Ian McCoshen 0 0 0 1 0 0 0 1 0 0 0/0 14:01 0:16 0:00
Konrad Abeltshauser 0 0 0 0 0 2 1 2 1 0 0/0 25:30 2:00 3:08
Marcus Pettersson 0 0 0 1 0 0 2 0 0 0 0/0 18:21 3:35 0:00
Mark Jankowski 0 0 0 0 0 0 2 0 0 0 2/4 13:08 0:00 1:36
Marko Dano 0 2 2 1 0 3 1 0 1 0 13/22 18:19 3:11 0:55
Mirco Mueller 0 0 0 1 0 1 0 0 0 1 0/0 16:09 0:16 2:08
Nathan Gerbe 0 1 1 0 2 1 1 0 0 0 8/16 17:32 2:40 0:00
Nicholas Baptiste 1 0 1 1 0 4 0 0 1 0 0/0 8:48 0:00 0:00
Rourke Chartier 0 1 1 1 0 2 0 0 0 0 2/5 8:07 0:00 0:00
Simon Despres 0 0 0 1 0 3 1 0 0 1 0/0 20:29 3:35 2:08
Sonny Milano 0 0 0 0 0 2 0 0 0 0 0/0 10:11 0:00 0:00
Tye McGinn 1 0 1 1 2 6 0 0 1 0 0/0 18:25 3:11 0:24
3 Stars
1 - Ben Hanowski (Cap)
2 - Marko Dano (Cap)
3 - Olivier Roy (Cap)
Power Play
Diables - 1 on 4 Attempt(s) - 25.00%
Griffins - 1 on 3 Attempt(s) - 33.33%
Penalty Kill
Diables - 2 on 3 Attempt(s) - 66.67%
- Score 0 goal in Penalty Kill
Griffins - 3 on 4 Attempt(s) - 75.00%
- Score 0 goal in Penalty Kill
Team Stat
Diables - Hits : 18 - Faceoff Wins : 24 - Blocked Shots : 11 - Penalty Minutes : 6
Griffins - Hits : 20 - Faceoff Wins : 32 - Blocked Shots : 9 - Penalty Minutes : 8
Official
Referees : Unknown
Linesman : Unknown
Game Notes
No Game Note
Finance
Level 1 -- Attendance: 1582 (79.10%) -- Ticket Income $55,370
Level 2 -- Attendance: 670 (67.00%) -- Ticket Income $13,400
Total Attendance: 2252 (75.07%)
Total Ticket Income: $68,770
Other Income: $3,438
Total Income: $72,208
Diables
5 vs 5 Forward
Center Left Wing Right Wing Time % Phy DF OF
1 Louis Leblanc Brock McGinn Tobias Rieder 40 1 2 2
2 Brayden Point Nikolaj Ehlers Jordan Caron 30 1 2 2
3 Dylan Larkin Brandon Prust Mikko Lehtonen 20 1 2 2
4 Frederik Gauthier Christian Thomas Daniel Zaar 10 1 2 2
5 vs 5 Defense
Defense Defense Time % Phy DF OF
1 Carl Gunnarsson Samuel Morin 40 1 2 2
2 Will Butcher Zac Leslie 30 1 2 2
3 Brett Lernout Chris Bigras 20 1 2 2
4 Carl Gunnarsson Samuel Morin 10 1 2 2
PowerPlay Forward
Center Left Wing Right Wing Time % Phy DF OF
1 Brayden Point Nikolaj Ehlers Jordan Caron 60 1 2 2
2 Dylan Larkin Brock McGinn Tobias Rieder 40 1 2 2
PowerPlay Defense
Defense Defense Time % Phy DF OF
1 Carl Gunnarsson Samuel Morin 60 1 2 2
2 Will Butcher Zac Leslie 40 1 2 2
Penalty Kill 4 Players Forward
Center Wing Time % Phy DF OF
1 Jordan Caron Tobias Rieder 60 1 2 2
2 Louis Leblanc Brandon Prust 40 1 2 2
Penalty Kill 4 Players Defense
Defense Defense Time % Phy DF OF
1 Carl Gunnarsson Samuel Morin 60 1 2 2
2 Will Butcher Zac Leslie 40 1 2 2
Penalty Kill - 3 Players Forward
Forward Time % Phy DF OF
1 Jordan Caron 60 1 2 2
2 Tobias Rieder 40 1 2 2
Penalty Kill - 3 Players Defense
Defense Defense Time % Phy DF OF
1 Carl Gunnarsson Samuel Morin 60 1 2 2
2 Will Butcher Zac Leslie 40 1 2 2
4 vs 4 Forward
Center Wing Time % Phy DF OF
1 Jordan Caron Tobias Rieder 60 1 2 2
2 Louis Leblanc Brandon Prust 40 1 2 2
4 vs 4 Defense
Defense Defense Time % Phy DF OF
1 Carl Gunnarsson Samuel Morin 60 1 2 2
2 Will Butcher Zac Leslie 40 1 2 2
Last Minutes Offensive
Center Left Wing Right Wing Defense Defense
Brayden Point Brandon Prust Jordan Caron Carl Gunnarsson Samuel Morin
Last Minutes Defensive
Center Left Wing Right Wing Defense Defense
Louis Leblanc Brandon Prust Jordan Caron Carl Gunnarsson Samuel Morin
Goaltenders
Starting : Eric Comrie
Backup : Igor Shesterkin
Extra Forwards
Normal : Mikko Lehtonen, Daniel Zaar, Brayden Point - PP : Mikko Lehtonen, Daniel Zaar - PK : Brayden Point
Extra Defensemen
Normal : Carl Gunnarsson, Chris Bigras, Will Butcher - PP : Carl Gunnarsson - PK : Chris Bigras, Will Butcher
Penalty Shots
Jordan Caron, Tobias Rieder, Daniel Zaar, Brandon Prust, Mikko Lehtonen
Scratches
Stephen Harper (Healthy), Emil Djuse (Healthy), Tim Schaller (Suspend), Cole Cassels (Healthy), Jeremy Gregoire (Healthy)
Connor Hurley (Healthy), Gustav Olofsson (Healthy), Andreas Johnsson (Healthy), Brett Ritchie (Healthy), Artturi Lehkonen (Healthy)
Anders Bjork (Healthy), Nicolas Aube-Kubel (Healthy), Marc-André Bourdon (Concussion Injury), Hunter Smith (Healthy), C.J Suess (Healthy)
Garret Sparks (Healthy), Jack Campbell (Healthy)
Griffins
5 vs 5 Forward
Center Left Wing Right Wing Time % Phy DF OF
1 Marko Dano Tye McGinn Ben Hanowski 35 0 1 4
2 Nathan Gerbe Anton Slepyshev Brandon Pirri 35 0 2 3
3 Mark Jankowski Sonny Milano Danny Kristo 20 0 2 3
4 Rourke Chartier Brendan Woods Nicholas Baptiste 10 0 2 3
5 vs 5 Defense
Defense Defense Time % Phy DF OF
1 Gord Baldwin Konrad Abeltshauser 40 0 2 3
2 Simon Despres Marcus Pettersson 30 0 3 2
3 Ian McCoshen Mirco Mueller 20 0 3 2
4 Ian McCoshen Mirco Mueller 10 1 2 2
PowerPlay Forward
Center Left Wing Right Wing Time % Phy DF OF
1 Marko Dano Tye McGinn Ben Hanowski 60 0 1 4
2 Nathan Gerbe Anton Slepyshev Danny Kristo 40 0 1 4
PowerPlay Defense
Defense Defense Time % Phy DF OF
1 Marcus Pettersson Simon Despres 60 0 1 4
2 Gord Baldwin Konrad Abeltshauser 40 0 1 4
Penalty Kill 4 Players Forward
Center Wing Time % Phy DF OF
1 Brendan Woods Brandon Pirri 60 1 2 2
2 Danny Kristo Mark Jankowski 40 1 2 2
Penalty Kill 4 Players Defense
Defense Defense Time % Phy DF OF
1 Gord Baldwin Konrad Abeltshauser 60 1 2 2
2 Simon Despres Mirco Mueller 40 1 2 2
Penalty Kill - 3 Players Forward
Forward Time % Phy DF OF
1 Brendan Woods 60 1 2 2
2 Danny Kristo 40 1 2 2
Penalty Kill - 3 Players Defense
Defense Defense Time % Phy DF OF
1 Gord Baldwin Konrad Abeltshauser 60 1 2 2
2 Simon Despres Mirco Mueller 40 1 2 2
4 vs 4 Forward
Center Wing Time % Phy DF OF
1 Marko Dano Tye McGinn 50 1 2 2
2 Nathan Gerbe Ben Hanowski 50 1 2 2
4 vs 4 Defense
Defense Defense Time % Phy DF OF
1 Simon Despres Konrad Abeltshauser 60 1 2 2
2 Gord Baldwin Marcus Pettersson 40 1 2 2
Last Minutes Offensive
Center Left Wing Right Wing Defense Defense
Marko Dano Tye McGinn Ben Hanowski Gord Baldwin Marcus Pettersson
Last Minutes Defensive
Center Left Wing Right Wing Defense Defense
Marko Dano Brendan Woods Danny Kristo Gord Baldwin Konrad Abeltshauser
Goaltenders
Starting : Olivier Roy
Backup : Jean-Francois Berube
Extra Forwards
Normal : Marko Dano, Nathan Gerbe, Mark Jankowski - PP : Brandon Pirri, Mark Jankowski - PK : Marko Dano
Extra Defensemen
Normal : Gord Baldwin, Simon Despres, Konrad Abeltshauser - PP : Ian McCoshen - PK : Marcus Pettersson, Ian McCoshen
Penalty Shots
Nathan Gerbe, Rourke Chartier, Danny Kristo, Marko Dano, Sonny Milano
Scratches
Vladislav Namestnikov (Healthy), Garrett Wilson (Healthy), Tanner Kero (Healthy), Greg McKegg (Healthy), Petter Granberg (Left Hand Injury)
Tomas Hyka (Healthy), Phil Oreskovic (Healthy), Haydn Fleury (Broken Bone (Right Arm) Injury), Ryan Mantha (Healthy), Jack Ramsey (Healthy)
Marcus Hogberg (Healthy), Hayden Hawkey (Healthy)
% Time on Ice - Diables
Lines # - Real PCT - Wanted PCT - Time Play
Normal Forward
1 - 35% - 40% - 17:20
2 - 28% - 30% - 13:52
3 - 22% - 20% - 10:33
4 - 15% - 10% - 7:08
Normal Defense
1 - 40% - 40% - 19:33
2 - 31% - 30% - 15:18
3 - 25% - 20% - 12:05
4 - 4% - 10% - 1:57
PP Forward
1 - 61% - 60% - 3:12
2 - 39% - 40% - 2:04
PP Defense
1 - 49% - 60% - 2:36
2 - 51% - 40% - 2:40
PK Forward
1 - 91% - 60% - 5:18
2 - 9% - 40% - 0:33
PK Defense
1 - 60% - 60% - 3:29
2 - 40% - 40% - 2:22
PK3 Forward
1 - 0% - 60%
2 - 0% - 40%
PK3 Defense
1 - 0% - 60%
2 - 0% - 40%
44 Forward
1 - 0% - 60%
2 - 0% - 40%
44 Defense
1 - 0% - 60%
2 - 0% - 40%
Last Minute Offensive - 0:00
Last Minute Defensive - 0:00
Total
Forward - 60:00
Defense - 60:00
|
% Time on Ice - Griffins
Lines # - Real PCT - Wanted PCT - Time Play
Normal Forward
1 - 31% - 35% - 15:12
2 - 32% - 35% - 15:28
3 - 21% - 20% - 10:06
4 - 17% - 10% - 8:07
Normal Defense
1 - 44% - 40% - 21:18
2 - 29% - 30% - 14:07
3 - 20% - 20% - 9:58
4 - 7% - 10% - 3:30
PP Forward
1 - 54% - 60% - 3:11
2 - 46% - 40% - 2:40
PP Defense
1 - 66% - 60% - 3:51
2 - 34% - 40% - 2:00
PK Forward
1 - 75% - 60% - 3:57
2 - 25% - 40% - 1:19
PK Defense
1 - 59% - 60% - 3:08
2 - 41% - 40% - 2:08
PK3 Forward
1 - 0% - 60%
2 - 0% - 40%
PK3 Defense
1 - 0% - 60%
2 - 0% - 40%
44 Forward
1 - 0% - 50%
2 - 0% - 50%
44 Defense
1 - 0% - 60%
2 - 0% - 40%
Last Minute Offensive - 0:00
Last Minute Defensive - 0:00
Total
Forward - 60:00
Defense - 60:00
|
Play-by-Play
1st period
0:01 of 1st period - Marko Dano wins face-off versus Louis Leblanc in neutral zone.
0:15 of 1st period - Slapshot by Carl Gunnarsson.
0:15 of 1st period - Shot Blocked by Gord Baldwin.
0:27 of 1st period - Brandon Pirri is hit by Brayden Point and loses puck.
0:32 of 1st period - Wrist shot by Nikolaj Ehlers.
0:32 of 1st period - Stopped by Olivier Roy with a rebound.
0:48 of 1st period - Zac Leslie is hit by Danny Kristo.
1:33 of 1st period - Tobias Rieder is hit by Anton Slepyshev and loses puck.
3:11 of 1st period - Ian McCoshen is hit by Jordan Caron and loses puck.
3:32 of 1st period - Konrad Abeltshauser is hit by Will Butcher and loses puck.
3:57 of 1st period - Dylan Larkin is hit by Brandon Pirri.
4:16 of 1st period - Snap shot by Tobias Rieder.
4:16 of 1st period - Stopped by Olivier Roy without a rebound.
4:17 of 1st period - Louis Leblanc wins face-off versus Marko Dano in Griffins zone.
4:20 of 1st period - Wrist shot by Brock McGinn.
4:20 of 1st period - Stopped by Olivier Roy without a rebound.
4:21 of 1st period - Louis Leblanc wins face-off versus Marko Dano in Griffins zone.
4:26 of 1st period - Snap shot by Brock McGinn.
4:26 of 1st period - Stopped by Olivier Roy with a rebound.
4:34 of 1st period - Wrist shot by Brock McGinn.
4:34 of 1st period - Stopped by Olivier Roy without a rebound.
4:35 of 1st period - Nathan Gerbe wins face-off versus Brayden Point in Griffins zone.
5:56 of 1st period - Slapshot by Danny Kristo.
5:56 of 1st period - Shot Blocked by Chris Bigras.
6:30 of 1st period - Snap shot by Tobias Rieder.
6:30 of 1st period - Shot Misses the Net.
6:32 of 1st period - Snap shot by Brock McGinn.
6:32 of 1st period - Shot Misses the Net.
6:34 of 1st period - Snap shot by Tobias Rieder.
6:34 of 1st period - Stopped by Olivier Roy with a rebound.
6:36 of 1st period - Snap shot by Brock McGinn.
6:36 of 1st period - Stopped by Olivier Roy with a rebound.
7:03 of 1st period - Off-side.
7:04 of 1st period - Louis Leblanc wins face-off versus Nathan Gerbe in neutral zone.
7:31 of 1st period - Brayden Point is hit by Ben Hanowski and loses puck.
8:00 of 1st period - Wrist shot by Dylan Larkin.
8:00 of 1st period - Stopped by Olivier Roy with a rebound.
8:14 of 1st period - Wrist shot by Rourke Chartier.
8:14 of 1st period - Stopped by Eric Comrie with a rebound.
8:16 of 1st period - Wrist shot by Rourke Chartier.
8:16 of 1st period - Shot Blocked by Samuel Morin.
8:57 of 1st period - Minor Penalty to Ben Hanowski for Hooking.
8:58 of 1st period - Brendan Woods wins face-off versus Brayden Point in Griffins zone.
9:08 of 1st period - Wrist shot by Brandon Pirri.
9:08 of 1st period - Deflect By Brendan Woods.
9:08 of 1st period - Stopped by Eric Comrie without a rebound.
9:09 of 1st period - Brendan Woods wins face-off versus Brayden Point in Diables zone.
10:57 of 1st period - Penalty to Ben Hanowski is over, Ben Hanowski is back on ice.
11:23 of 1st period - Slapshot by Danny Kristo.
11:23 of 1st period - Shot Blocked by Dylan Larkin.
11:25 of 1st period - Slapshot by Gord Baldwin.
11:25 of 1st period - Deflect By Brandon Prust.
11:25 of 1st period - Stopped by Eric Comrie without a rebound.
11:26 of 1st period - Mikko Lehtonen wins face-off versus Mark Jankowski in Diables zone.
11:51 of 1st period - Samuel Morin is hit by Brandon Pirri and loses puck.
11:57 of 1st period - Icing by Louis Leblanc.
11:58 of 1st period - Marko Dano wins face-off versus Brock McGinn in Diables zone.
12:09 of 1st period - Wrist shot by Brock McGinn.
12:09 of 1st period - Shot Misses the Net.
12:11 of 1st period - Slapshot by Brock McGinn.
12:11 of 1st period - Deflect By Tobias Rieder.
12:11 of 1st period - Stopped by Olivier Roy with a rebound.
12:13 of 1st period - Wrist shot by Brock McGinn.
12:13 of 1st period - Stopped by Olivier Roy without a rebound.
12:14 of 1st period - Nathan Gerbe wins face-off versus Brayden Point in Griffins zone.
12:40 of 1st period - Carl Gunnarsson is hit by Gord Baldwin.
12:46 of 1st period - Wrist shot by Brock McGinn.
12:46 of 1st period - Shot Misses the Net.
12:48 of 1st period - Wrist shot by Tobias Rieder.
12:48 of 1st period - Shot Misses the Net.
13:03 of 1st period - Icing by Danny Kristo.
13:04 of 1st period - Dylan Larkin wins face-off versus Mark Jankowski in Griffins zone.
13:15 of 1st period - Slapshot by Sonny Milano.
13:15 of 1st period - Stopped by Eric Comrie with a rebound.
13:17 of 1st period - Wrist shot by Konrad Abeltshauser.
13:17 of 1st period - Deflect By Carl Gunnarsson.
13:17 of 1st period - Stopped by Eric Comrie without a rebound.
13:18 of 1st period - Nathan Gerbe wins face-off versus Louis Leblanc in Diables zone.
13:23 of 1st period - Wrist shot by Brandon Pirri.
13:23 of 1st period - Stopped by Eric Comrie without a rebound.
13:24 of 1st period - Louis Leblanc wins face-off versus Nathan Gerbe in Diables zone.
13:33 of 1st period - Wrist shot by Nathan Gerbe.
13:33 of 1st period - Shot Blocked by Carl Gunnarsson.
13:35 of 1st period - Snap shot by Anton Slepyshev.
13:35 of 1st period - Shot Misses the Net.
13:37 of 1st period - Wrist shot by Brandon Pirri.
13:37 of 1st period - Goal by Brandon Pirri - Diables : 0 - Griffins : 1.
13:38 of 1st period - Marko Dano wins face-off versus Brayden Point in neutral zone.
13:43 of 1st period - Snap shot by Marko Dano.
13:43 of 1st period - Shot Misses the Net.
13:45 of 1st period - Snap shot by Marko Dano.
13:45 of 1st period - Stopped by Eric Comrie with a rebound.
13:47 of 1st period - Slapshot by Gord Baldwin.
13:47 of 1st period - Shot Misses the Net.
13:49 of 1st period - Snap shot by Marko Dano.
13:49 of 1st period - Deflect By Tye McGinn.
13:49 of 1st period - Stopped by Eric Comrie with a rebound.
13:51 of 1st period - Slapshot by Konrad Abeltshauser.
13:51 of 1st period - Stopped by Eric Comrie with a rebound.
13:53 of 1st period - Slapshot by Gord Baldwin.
13:53 of 1st period - Shot Blocked by Jordan Caron.
14:19 of 1st period - Icing by Jordan Caron.
14:20 of 1st period - Brayden Point wins face-off versus Nathan Gerbe in Diables zone.
14:47 of 1st period - Snap shot by Brock McGinn.
14:47 of 1st period - Stopped by Olivier Roy without a rebound.
14:48 of 1st period - Louis Leblanc wins face-off versus Marko Dano in Griffins zone.
15:15 of 1st period - Brandon Pirri is hit by Brandon Prust and loses puck.
15:56 of 1st period - Backhand shot by Nicholas Baptiste.
15:56 of 1st period - Stopped by Eric Comrie without a rebound.
15:57 of 1st period - Rourke Chartier wins face-off versus Louis Leblanc in Diables zone.
16:06 of 1st period - Snap shot by Nicholas Baptiste.
16:06 of 1st period - Stopped by Eric Comrie with a rebound.
16:08 of 1st period - Snap shot by Konrad Abeltshauser.
16:08 of 1st period - Deflect By Nicholas Baptiste.
16:08 of 1st period - Shot Misses the Net.
16:08 of 1st period - Puck is out of play.
16:09 of 1st period - Louis Leblanc wins face-off versus Marko Dano in Diables zone.
16:16 of 1st period - Wrist shot by Ben Hanowski.
16:16 of 1st period - Shot Blocked by Will Butcher.
16:43 of 1st period - Slapshot by Jordan Caron.
16:43 of 1st period - Stopped by Olivier Roy with a rebound.
16:47 of 1st period - Snap shot by Jordan Caron.
16:47 of 1st period - Shot Blocked by Gord Baldwin.
17:44 of 1st period - Louis Leblanc is hit by Brendan Woods and loses puck.
17:51 of 1st period - Snap shot by Tobias Rieder.
17:51 of 1st period - Stopped by Olivier Roy with a rebound.
17:53 of 1st period - Wrist shot by Louis Leblanc.
17:53 of 1st period - Shot Blocked by Brendan Woods.
18:05 of 1st period - Snap shot by Danny Kristo.
18:05 of 1st period - Stopped by Eric Comrie with a rebound.
18:07 of 1st period - Slapshot by Mirco Mueller.
18:07 of 1st period - Stopped by Eric Comrie without a rebound.
18:08 of 1st period - Mark Jankowski wins face-off versus Brayden Point in Diables zone.
18:19 of 1st period - Snap shot by Danny Kristo.
18:19 of 1st period - Deflect By Carl Gunnarsson.
18:19 of 1st period - Stopped by Eric Comrie without a rebound.
18:20 of 1st period - Louis Leblanc wins face-off versus Nathan Gerbe in Diables zone.
18:45 of 1st period - Ben Hanowski is hit by Jordan Caron and loses puck.
19:08 of 1st period - Mark Jankowski is hit by Mikko Lehtonen and loses puck.
19:28 of 1st period - Wrist shot by Christian Thomas.
19:28 of 1st period - Deflect By Frederik Gauthier.
19:28 of 1st period - Shot Misses the Net.
19:28 of 1st period - Puck is out of play.
19:29 of 1st period - Frederik Gauthier wins face-off versus Rourke Chartier in Griffins zone.
19:36 of 1st period - Slapshot by Will Butcher.
19:36 of 1st period - Shot Misses the Net.
Goals for this period are 0 for Diables vs 1 for Griffins.
Shots for this period are 13 for Diables vs 15 for Griffins.
2nd period
0:01 of 2nd period - Louis Leblanc wins face-off versus Anton Slepyshev in neutral zone.
0:28 of 2nd period - Carl Gunnarsson is hit by Ben Hanowski and loses puck.
0:35 of 2nd period - Snap shot by Carl Gunnarsson.
0:35 of 2nd period - Shot Blocked by Konrad Abeltshauser.
0:37 of 2nd period - Slapshot by Carl Gunnarsson.
0:37 of 2nd period - Stopped by Olivier Roy without a rebound.
0:38 of 2nd period - Dylan Larkin wins face-off versus Marko Dano in Griffins zone.
0:51 of 2nd period - Wrist shot by Dylan Larkin.
0:51 of 2nd period - Shot Blocked by Ian McCoshen.
0:53 of 2nd period - Slapshot by Zac Leslie.
0:53 of 2nd period - Stopped by Olivier Roy with a rebound.
1:14 of 2nd period - Slapshot by Tye McGinn.
1:14 of 2nd period - Goal by Tye McGinn - Diables : 0 - Griffins : 2.
1:15 of 2nd period - Nathan Gerbe wins face-off versus Louis Leblanc in neutral zone.
1:20 of 2nd period - Snap shot by Nathan Gerbe.
1:20 of 2nd period - Shot Misses the Net.
1:29 of 2nd period - Off-side.
1:30 of 2nd period - Marko Dano wins face-off versus Brayden Point in neutral zone.
1:33 of 2nd period - Jordan Caron is hit by Ben Hanowski and loses puck.
2:19 of 2nd period - Dylan Larkin is hit by Simon Despres and loses puck.
3:23 of 2nd period - Slapshot by Brendan Woods.
3:23 of 2nd period - Stopped by Eric Comrie with a rebound.
3:25 of 2nd period - Slapshot by Brendan Woods.
3:25 of 2nd period - Deflect By Rourke Chartier.
3:25 of 2nd period - Stopped by Eric Comrie with a rebound.
3:27 of 2nd period - Backhand shot by Brendan Woods.
3:27 of 2nd period - Stopped by Eric Comrie with a rebound.
3:55 of 2nd period - Slapshot by Tobias Rieder.
3:55 of 2nd period - Shot Misses the Net.
4:13 of 2nd period - Wrist shot by Tye McGinn.
4:13 of 2nd period - Shot Misses the Net.
4:19 of 2nd period - Snap shot by Ben Hanowski.
4:19 of 2nd period - Stopped by Eric Comrie without a rebound.
4:20 of 2nd period - Dylan Larkin wins face-off versus Rourke Chartier in Diables zone.
4:33 of 2nd period - Wrist shot by Dylan Larkin.
4:33 of 2nd period - Stopped by Olivier Roy with a rebound.
4:45 of 2nd period - Nicholas Baptiste is hit by Christian Thomas and loses puck.
4:54 of 2nd period - Wrist shot by Brendan Woods.
4:54 of 2nd period - Stopped by Eric Comrie with a rebound.
4:56 of 2nd period - Wrist shot by Nicholas Baptiste.
4:56 of 2nd period - Goal by Nicholas Baptiste - Diables : 0 - Griffins : 3.
4:57 of 2nd period - Nathan Gerbe wins face-off versus Louis Leblanc in neutral zone.
5:49 of 2nd period - Dylan Larkin is hit by Mark Jankowski and loses puck.
6:08 of 2nd period - Snap shot by Nicholas Baptiste.
6:08 of 2nd period - Stopped by Eric Comrie with a rebound.
6:10 of 2nd period - Snap shot by Brendan Woods.
6:10 of 2nd period - Shot Misses the Net.
6:35 of 2nd period - Snap shot by Tye McGinn.
6:35 of 2nd period - Stopped by Eric Comrie with a rebound.
7:17 of 2nd period - Zac Leslie is hit by Danny Kristo and loses puck.
7:30 of 2nd period - Snap shot by Christian Thomas.
7:30 of 2nd period - Shot Misses the Net.
8:00 of 2nd period - Wrist shot by Dylan Larkin.
8:00 of 2nd period - Shot Misses the Net.
8:24 of 2nd period - Backhand shot by Nikolaj Ehlers.
8:24 of 2nd period - Stopped by Olivier Roy with a rebound.
8:26 of 2nd period - Wrist shot by Brayden Point.
8:26 of 2nd period - Goal by Brayden Point - Diables : 1 - Griffins : 3.
8:27 of 2nd period - Louis Leblanc wins face-off versus Nathan Gerbe in neutral zone.
8:36 of 2nd period - Snap shot by Tobias Rieder.
8:36 of 2nd period - Stopped by Olivier Roy without a rebound.
8:37 of 2nd period - Louis Leblanc wins face-off versus Nathan Gerbe in Griffins zone.
8:43 of 2nd period - Minor Penalty to Nathan Gerbe for Kneeing.
8:44 of 2nd period - Brendan Woods wins face-off versus Brayden Point in Griffins zone.
8:52 of 2nd period - Carl Gunnarsson is hit by Brendan Woods.
9:18 of 2nd period - Snap shot by Dylan Larkin.
9:18 of 2nd period - Shot Misses the Net.
10:43 of 2nd period - Penalty to Nathan Gerbe is over, Nathan Gerbe is back on ice.
10:55 of 2nd period - Snap shot by Daniel Zaar.
10:55 of 2nd period - Shot Blocked by Konrad Abeltshauser.
10:57 of 2nd period - Slapshot by Will Butcher.
10:57 of 2nd period - Stopped by Olivier Roy without a rebound.
10:58 of 2nd period - Marko Dano wins face-off versus Daniel Zaar in Griffins zone.
10:58 of 2nd period - Marko Dano is hit by Christian Thomas.
12:08 of 2nd period - Wrist shot by Daniel Zaar.
12:08 of 2nd period - Shot Misses the Net.
12:10 of 2nd period - Slapshot by Carl Gunnarsson.
12:10 of 2nd period - Stopped by Olivier Roy with a rebound.
12:35 of 2nd period - Off-side.
12:36 of 2nd period - Nathan Gerbe wins face-off versus Louis Leblanc in neutral zone.
13:26 of 2nd period - Wrist shot by Danny Kristo.
13:26 of 2nd period - Shot Blocked by Dylan Larkin.
13:28 of 2nd period - Snap shot by Danny Kristo.
13:28 of 2nd period - Stopped by Eric Comrie without a rebound.
13:29 of 2nd period - Tobias Rieder wins face-off versus Nathan Gerbe in Diables zone.
13:54 of 2nd period - Brandon Pirri is hit by Dylan Larkin and loses puck.
14:09 of 2nd period - Snap shot by Anton Slepyshev.
14:09 of 2nd period - Deflect By Brandon Prust.
14:09 of 2nd period - Shot Misses the Net.
14:09 of 2nd period - Puck is out of play.
14:10 of 2nd period - Tobias Rieder wins face-off versus Marko Dano in Diables zone.
14:17 of 2nd period - Snap shot by Tobias Rieder.
14:17 of 2nd period - Stopped by Olivier Roy with a rebound.
14:26 of 2nd period - Minor Penalty to Tobias Rieder for Slashing.
14:27 of 2nd period - Marko Dano wins face-off versus Jordan Caron in Diables zone.
15:37 of 2nd period - Marko Dano is hit by Zac Leslie and loses puck.
16:26 of 2nd period - Penalty to Tobias Rieder is over, Tobias Rieder is back on ice.
16:37 of 2nd period - Snap shot by Christian Thomas.
16:37 of 2nd period - Shot Blocked by Brendan Woods.
16:57 of 2nd period - Wrist shot by Brandon Pirri.
16:57 of 2nd period - Deflect By Sonny Milano.
16:57 of 2nd period - Stopped by Eric Comrie with a rebound.
16:59 of 2nd period - Slapshot by Simon Despres.
16:59 of 2nd period - Stopped by Eric Comrie with a rebound.
17:01 of 2nd period - Snap shot by Marcus Pettersson.
17:01 of 2nd period - Shot Misses the Net.
17:40 of 2nd period - Konrad Abeltshauser is hit by Tobias Rieder and loses puck.
18:12 of 2nd period - Off-side.
18:13 of 2nd period - Marko Dano wins face-off versus Jordan Caron in neutral zone.
18:19 of 2nd period - Minor Penalty to Zac Leslie for Holding.
18:20 of 2nd period - Marko Dano wins face-off versus Jordan Caron in Diables zone.
Goals for this period are 1 for Diables vs 2 for Griffins.
Shots for this period are 9 for Diables vs 12 for Griffins.
3rd period
0:01 of 3rd period - Marko Dano wins face-off versus Jordan Caron in neutral zone.
0:10 of 3rd period - Wrist shot by Ben Hanowski.
0:10 of 3rd period - Stopped by Eric Comrie with a rebound.
0:12 of 3rd period - Snap shot by Ben Hanowski.
0:12 of 3rd period - Goal by Ben Hanowski - Diables : 1 - Griffins : 4.
0:13 of 3rd period - Nathan Gerbe wins face-off versus Louis Leblanc in neutral zone.
0:20 of 3rd period - Snap shot by Brandon Pirri.
0:20 of 3rd period - Shot Misses the Net.
1:45 of 3rd period - Wrist shot by Samuel Morin.
1:45 of 3rd period - Stopped by Olivier Roy with a rebound.
1:47 of 3rd period - Wrist shot by Daniel Zaar.
1:47 of 3rd period - Shot Misses the Net.
1:53 of 3rd period - Snap shot by Daniel Zaar.
1:53 of 3rd period - Stopped by Olivier Roy with a rebound.
1:55 of 3rd period - Slapshot by Christian Thomas.
1:55 of 3rd period - Stopped by Olivier Roy without a rebound.
1:56 of 3rd period - Marko Dano wins face-off versus Brayden Point in Griffins zone.
2:11 of 3rd period - Ben Hanowski is hit by Nikolaj Ehlers and loses puck.
3:15 of 3rd period - Slapshot by Frederik Gauthier.
3:15 of 3rd period - Stopped by Olivier Roy without a rebound.
3:16 of 3rd period - Louis Leblanc wins face-off versus Nathan Gerbe in Griffins zone.
3:19 of 3rd period - Snap shot by Brock McGinn.
3:19 of 3rd period - Shot Blocked by Anton Slepyshev.
3:46 of 3rd period - Samuel Morin is hit by Marcus Pettersson and loses puck.
3:59 of 3rd period - Minor Penalty to Tye McGinn for Tripping.
4:00 of 3rd period - Brendan Woods wins face-off versus Brayden Point in Griffins zone.
4:05 of 3rd period - Slapshot by Will Butcher.
4:05 of 3rd period - Shot Misses the Net.
4:07 of 3rd period - Snap shot by Brayden Point.
4:07 of 3rd period - Stopped by Olivier Roy without a rebound.
4:08 of 3rd period - Brendan Woods wins face-off versus Brayden Point in Griffins zone.
4:31 of 3rd period - Slapshot by Zac Leslie.
4:31 of 3rd period - Deflect By Brandon Pirri.
4:31 of 3rd period - Stopped by Olivier Roy with a rebound.
4:33 of 3rd period - Slapshot by Will Butcher.
4:33 of 3rd period - Deflect By Nikolaj Ehlers.
4:33 of 3rd period - Shot Misses the Net.
4:33 of 3rd period - Puck is out of play.
4:34 of 3rd period - Dylan Larkin wins face-off versus Brendan Woods in Griffins zone.
5:11 of 3rd period - Wrist shot by Carl Gunnarsson.
5:11 of 3rd period - Stopped by Olivier Roy with a rebound.
5:13 of 3rd period - Slapshot by Carl Gunnarsson.
5:13 of 3rd period - Goal by Carl Gunnarsson - Diables : 2 - Griffins : 4.
5:14 of 3rd period - Louis Leblanc wins face-off versus Marko Dano in neutral zone.
5:17 of 3rd period - Slapshot by Carl Gunnarsson.
5:17 of 3rd period - Stopped by Olivier Roy without a rebound.
5:18 of 3rd period - Marko Dano wins face-off versus Louis Leblanc in Griffins zone.
5:29 of 3rd period - Snap shot by Tye McGinn.
5:29 of 3rd period - Stopped by Eric Comrie with a rebound.
5:31 of 3rd period - Snap shot by Tye McGinn.
5:31 of 3rd period - Deflect By Marko Dano.
5:31 of 3rd period - Stopped by Eric Comrie with a rebound.
5:33 of 3rd period - Wrist shot by Tye McGinn.
5:33 of 3rd period - Stopped by Eric Comrie with a rebound.
6:35 of 3rd period - Snap shot by Simon Despres.
6:35 of 3rd period - Shot Blocked by Samuel Morin.
7:06 of 3rd period - Off-side.
7:07 of 3rd period - Dylan Larkin wins face-off versus Rourke Chartier in neutral zone.
7:12 of 3rd period - Wrist shot by Rourke Chartier.
7:12 of 3rd period - Shot Blocked by Mikko Lehtonen.
7:23 of 3rd period - Off-side.
7:24 of 3rd period - Brandon Pirri wins face-off versus Brayden Point in neutral zone.
7:51 of 3rd period - Zac Leslie is hit by Ben Hanowski and loses puck.
7:58 of 3rd period - Snap shot by Tye McGinn.
7:58 of 3rd period - Stopped by Eric Comrie without a rebound.
7:59 of 3rd period - Marko Dano wins face-off versus Dylan Larkin in Diables zone.
8:04 of 3rd period - Wrist shot by Tye McGinn.
8:04 of 3rd period - Shot Misses the Net.
8:06 of 3rd period - Slapshot by Simon Despres.
8:06 of 3rd period - Deflect By Dylan Larkin.
8:06 of 3rd period - Stopped by Eric Comrie with a rebound.
8:08 of 3rd period - Snap shot by Simon Despres.
8:08 of 3rd period - Stopped by Eric Comrie with a rebound.
8:10 of 3rd period - Slapshot by Ben Hanowski.
8:10 of 3rd period - Stopped by Eric Comrie with a rebound.
8:24 of 3rd period - Nathan Gerbe is hit by Nikolaj Ehlers and loses puck.
8:45 of 3rd period - Snap shot by Danny Kristo.
8:45 of 3rd period - Shot Misses the Net.
9:02 of 3rd period - Icing by Gord Baldwin.
9:03 of 3rd period - Rourke Chartier wins face-off versus Frederik Gauthier in Griffins zone.
9:08 of 3rd period - Brendan Woods is hit by Christian Thomas and loses puck.
10:13 of 3rd period - Slapshot by Brandon Prust.
10:13 of 3rd period - Deflect By Mirco Mueller.
10:13 of 3rd period - Shot Blocked by Danny Kristo.
10:13 of 3rd period - Puck is out of play.
10:14 of 3rd period - Nathan Gerbe wins face-off versus Mikko Lehtonen in Griffins zone.
10:50 of 3rd period - Snap shot by Tye McGinn.
10:50 of 3rd period - Shot Blocked by Brett Lernout.
10:52 of 3rd period - Snap shot by Tye McGinn.
10:52 of 3rd period - Shot Misses the Net.
11:01 of 3rd period - Icing by Brock McGinn.
11:02 of 3rd period - Mark Jankowski wins face-off versus Brayden Point in Diables zone.
11:18 of 3rd period - Danny Kristo is hit by Nikolaj Ehlers and loses puck.
11:31 of 3rd period - Slapshot by Nathan Gerbe.
11:31 of 3rd period - Stopped by Eric Comrie with a rebound.
11:53 of 3rd period - Snap shot by Marko Dano.
11:53 of 3rd period - Shot Misses the Net.
11:55 of 3rd period - Slapshot by Marko Dano.
11:55 of 3rd period - Stopped by Eric Comrie without a rebound.
11:56 of 3rd period - Marko Dano wins face-off versus Louis Leblanc in Diables zone.
12:21 of 3rd period - Nathan Gerbe is hit by Brayden Point.
12:33 of 3rd period - Slapshot by Jordan Caron.
12:33 of 3rd period - Stopped by Olivier Roy with a rebound.
12:51 of 3rd period - Backhand shot by Danny Kristo.
12:51 of 3rd period - Deflect By Dylan Larkin.
12:51 of 3rd period - Shot Blocked by Chris Bigras.
12:51 of 3rd period - Puck is out of play.
12:52 of 3rd period - Louis Leblanc wins face-off versus Marko Dano in Diables zone.
13:42 of 3rd period - Gord Baldwin is hit by Zac Leslie and loses puck.
13:49 of 3rd period - Slapshot by Christian Thomas.
13:49 of 3rd period - Stopped by Olivier Roy with a rebound.
13:51 of 3rd period - Snap shot by Daniel Zaar.
13:51 of 3rd period - Shot Misses the Net.
14:05 of 3rd period - Brandon Prust is hit by Nathan Gerbe and loses puck.
14:28 of 3rd period - Tobias Rieder is hit by Konrad Abeltshauser and loses puck.
14:49 of 3rd period - Brendan Woods is hit by Carl Gunnarsson and loses puck.
15:16 of 3rd period - Minor Penalty to Brayden Point for Tripping.
15:17 of 3rd period - Jordan Caron wins face-off versus Marko Dano in Diables zone.
15:17 of 3rd period - Jordan Caron is hit by Marko Dano.
17:16 of 3rd period - Penalty to Brayden Point is over, Brayden Point is back on ice.
17:39 of 3rd period - Brayden Point is hit by Mark Jankowski and loses puck.
18:24 of 3rd period - Tobias Rieder is hit by Marcus Pettersson and loses puck.
19:55 of 3rd period - Minor Penalty to Ben Hanowski for Hooking.
19:56 of 3rd period - Brendan Woods wins face-off versus Nikolaj Ehlers in Griffins zone.
Goals for this period are 1 for Diables vs 1 for Griffins.
Shots for this period are 11 for Diables vs 11 for Griffins.
Back to the Top